 Dungeon Crawl Stone Soup version 0.27.0-1-g7a089689b8 (webtiles) character file.

Game seed: 3010156308476978052

74 ZombieSheep the Skirmisher (level 4, -5/39 (41) HPs)
             Began as a Gnoll Wanderer on Aug 6, 2021.
             Was a Believer of Kikubaaqudgha.
             Slain by Crazy Yiuf (10 damage)
             ... on level 2 of the Dungeon.
             The game lasted 00:04:14 (2303 turns).

ZombieSheep the Skirmisher (Gnoll Wanderer)         Turns: 2303, Time: 00:04:15

HP:   -5/39 (41)    AC:  8    Str: 11    XL:     4   Next: 28%
MP:   3/5           EV:  9    Int: 12    God:    Kikubaaqudgha [**....]
Gold: 40            SH:  0    Dex: 12    Spells: 4/5 levels left

rFire    . . .     SeeInvis .   j - +0 trident
rCold    . . .     Faith    .   (no shield)
rNeg     . . .     Spirit   .   i - +0 scale mail
rPois    .         Reflect  .   (no helmet)
rElec    .         Harm     .   (no cloak)
rCorr    +         Rampage  .   f - +1 pair of gloves
Will     .....                  (no boots)
Stlth    +.........             (no amulet)
HPRegen  0.13/turn              k - ring of resist corrosion
MPRegen  0.09/turn              (no ring)

@: slowed, lightly drained, very slow
A: fangs 1, strong nose, distributed training
a: Renounce Religion, Receive Corpses


You were on level 2 of the Dungeon.
You worshipped Kikubaaqudgha.
Kikubaaqudgha was pleased with you.
You visited 1 branch of the dungeon, and saw 2 of its levels.

You collected 40 gold pieces.

Inventory:

Hand Weapons
 a - a +2 hand axe
 d - a +0 dagger
 j - a +0 trident (weapon)
Missiles
 h - 4 boomerangs (quivered)
Armour
 c - a +0 robe
 f - a +1 pair of gloves (worn)
 i - a +0 scale mail (worn)
 l - a +2 chain mail of positive energy
Jewellery
 k - a ring of resist corrosion (left hand)
Scrolls
 b - 2 scrolls of teleportation
Potions
 e - a potion of haste {unknown}
 g - 2 potions of ambrosia {unknown}
 m - a potion of invisibility


   Skills:
 + Level 6.6 Fighting
 + Level 1.1 Short Blades
 + Level 1.1 Long Blades
 + Level 2.7 Axes
 + Level 1.1 Maces & Flails
 + Level 2.7 Polearms
 + Level 1.1 Staves
 + Level 1.1 Slings
 + Level 1.1 Bows
 + Level 1.1 Crossbows
 + Level 1.1 Throwing
 + Level 2.7 Armour
 + Level 2.7 Dodging
 + Level 4.2 Stealth
 + Level 2.7 Shields
 + Level 1.1 Unarmed Combat
 + Level 1.1 Spellcasting
 + Level 0.8 Conjurations
 + Level 0.8 Hexes
 + Level 0.8 Summonings
 + Level 0.8 Necromancy
 + Level 0.8 Translocations
 + Level 0.8 Transmutations
 + Level 0.8 Fire Magic
 + Level 0.8 Ice Magic
 + Level 0.8 Air Magic
 + Level 0.8 Earth Magic
 + Level 0.8 Poison Magic
 + Level 1.2 Invocations
 + Level 1.1 Evocations


You had 4 spell levels left.
You knew the following spells:

 Your Spells              Type           Power      Damage    Failure   Level
a - Pain                  Necr           8%         1d4       75%         1

Your spell library contained the following spells:

 Spells                   Type           Power      Damage    Failure   Level
 Animate Skeleton         Necr           4%         N/A       75%         1
 Apportation              Tloc           4%         N/A       75%         1
 Corona                   Hex            2%         N/A       75%         1
 Summon Small Mammal      Summ           8%         N/A       75%         1
 Sublimation of Blood     Necr           1%         N/A       87%         2
 Vampiric Draining        Necr           1%         2d6       98%         3


Dungeon Overview and Level Annotations

Branches:
Dungeon (2/15)

Altars:
Kikubaaqudgha

Annotations:
D:2 Crazy Yiuf


Innate Abilities, Weirdness & Mutations

You have very sharp teeth.
Your uncanny sense of smell can sniff out nearby items.
Your experience applies equally to all skills.


Message History

Found a stone staircase leading up.
There is a stone staircase leading up here.
Found a mace.
Found a runed translucent door.
You see here 21 stones.
You see here a frilled lizard corpse.
You see here a ball python corpse.
You see here a rat corpse.
You now have 40 gold pieces (gained 13).
m - a viscous brown potion
Found a stone staircase leading down.
Found a stone staircase leading up.
There is a stone staircase leading up here.
You see here a +0 whip.
Things that are here:
a +0 whip; 5 stones You see here 21 stones.
Crazy Yiuf shouts!
Crazy Yiuf cries, "Prologue meccalolo stair!"
You open the door. You completely miss Crazy Yiuf.
Crazy Yiuf hits you with a +3 quarterstaff of chaos.
You feel your power leaking away.
You hit Crazy Yiuf but do no damage. Your bite misses Crazy Yiuf.
Crazy Yiuf hits you but does no damage. You resist with some effort.
Crazy Yiuf hits you with a +3 quarterstaff of chaos.
You hit Crazy Yiuf.
Crazy Yiuf is lightly wounded.
Crazy Yiuf drinks a potion.
Crazy Yiuf flickers and vanishes!
Deactivating autopickup; reactivate with Ctrl-A.
You closely miss something. Something hits you!
You feel yourself slow down.
You puncture something! Something hits you.
You feel your power leaking away. Something hits you!
You feel drained.
You miss something. Something hits you but does no damage. Something hits you.
* * * LOW HITPOINT WARNING * * *
Something burns you.
* * * LOW HITPOINT WARNING * * *
You hit something but do no damage. Something hits you!
You die...
Kikubaaqudgha rasps: "You have failed me!
Welcome... death!"

##### #)..#
#...# ...
#{# ####
#@## ###..#
##.#
####....#
#.## ##
#......##
##.# #######
#. #.##.###
##.##
#..##.## #.
#.##.#
##P..#
#....#.## #.
#.##.#
#PP..#
##..###.###.
#.##.#
#....# #.##
##....
#.##.#
##..##
#..###.####


There were no monsters in sight!

Vanquished Creatures
  Terence (D:2)
  A dart slug (D:1)
  3 endoplasms
  2 giant cockroaches
  2 goblins (D:1)
  7 hobgoblins
  3 jackals (D:1)
  6 kobolds
  2 quokkas (D:1)
  5 ball pythons
  3 bats (D:2)
  3 frilled lizards
  3 rats
  A spectral hobgoblin (D:1)
42 creatures vanquished.

Notes
Turn   | Place    | Note
-------+----------+-------------------------------------------
     0 | D:1      | ZombieSheep the Gnoll Wanderer began the quest for the Orb.
     0 | D:1      | ZombieSheep set off with the following items: a +2 hand
                  | axe, 2 scrolls of teleportation, a +0 robe, a +0 dagger
     0 | D:1      | Reached XP level 1. HP: 23/23 MP: 1/1
   201 | D:1      | Found a faded altar of an unknown god.
   210 | D:1      | Became a worshipper of Kikubaaqudgha
   210 | D:1      | Reached * piety under Kikubaaqudgha
   210 | D:1      | Received a gift from Kikubaaqudgha
   242 | D:1      | Reached XP level 2. HP: 26/29 MP: 2/2
   572 | D:1      | Reached XP level 3. HP: 30/35 MP: 3/3
  1182 | D:2      | Reached ** piety under Kikubaaqudgha
  1460 | D:2      | Reached skill level 1 in Invocations
  1497 | D:2      | Noticed Terence
  1500 | D:2      | Learned a level 1 spell: Pain
  1514 | D:2      | HP: 1/35 [Terence (5)]
  1519 | D:2      | Killed Terence
  1520 | D:2      | Reached skill level 1 in Short Blades
  1520 | D:2      | Reached skill level 1 in Long Blades
  1520 | D:2      | Reached skill level 1 in Maces & Flails
  1520 | D:2      | Reached skill level 1 in Staves
  1520 | D:2      | Reached skill level 1 in Slings
  1520 | D:2      | Reached skill level 1 in Bows
  1520 | D:2      | Reached skill level 1 in Crossbows
  1520 | D:2      | Reached skill level 1 in Throwing
  1520 | D:2      | Reached skill level 1 in Unarmed Combat
  1520 | D:2      | Reached skill level 1 in Spellcasting
  1520 | D:2      | Reached skill level 1 in Evocations
  1520 | D:2      | Reached XP level 4. HP: 2/41 MP: 5/5
  2092 | D:2      | Found a runed translucent door.
  2093 | D:2      | Noticed Crazy Yiuf
  2303 | D:2      | Slain by Crazy Yiuf

Illustrated notes

Levels and vault maps discovered:
D:1:      evilmike_arrival_hilbert_curve, layout_basic,
          dreamdust_ecumenical_altar_drowned_temple, st_stairs_2
D:2:      layout_loops_ring, uniq_terence, uniq_crazy_yiuf_cottage

Skill      XL: |  1  2  3 |
---------------+----------+-----
Invocations    | 1 |  1.2
Short Blades   | 1 |  1.1
Long Blades    | 1 |  1.1
Maces & Flails | 1 |  1.1
Staves         | 1 |  1.1
Slings         | 1 |  1.1
Bows           | 1 |  1.1
Crossbows      | 1 |  1.1
Throwing       | 1 |  1.1
Unarmed Combat | 1 |  1.1
Spellcasting   | 1 |  1.1
Evocations     | 1 |  1.1
Fighting       | |  6.6
Axes           | |  2.7
Polearms       | |  2.7
Armour         | |  2.7
Dodging        | |  2.7
Stealth        | |  4.2
Shields        | |  2.7
Conjurations   | |  0.8
Hexes          | |  0.8
Summonings     | |  0.8
Necromancy     | |  0.8
Translocations | |  0.8
Transmutations | |  0.8
Fire Magic     | |  0.8
Ice Magic      | |  0.8
Air Magic      | |  0.8
Earth Magic    | |  0.8
Poison Magic   | |  0.8

Action                   |  1- 3 |  4- 6 || total
-------------------------+-------+-------++-------
Melee: Hand axe          |    96 |       ||    96
       Bite              |     7 |     1 ||     8
       Trident           |       |    29 ||    29
Throw: Boomerang         |     3 |       ||     3
  Use: Scroll            |     2 |       ||     2
 Stab: Sleeping          |    13 |     2 ||    15
Armor: Robe              |    17 |       ||    17
       Scale mail        |       |     9 ||     9
Dodge: Dodged            |    47 |     9 ||    56
